 Dungeon Crawl Stone Soup version 0.21-a0-396-ga924934 (webtiles) character file.

1591 Moloch the Fighter (level 8, 0/72 HPs)
             Began as a Mummy Fighter on Oct 20, 2017.
             Was a Follower of Okawaru.
             Slain by a hound (4 damage)
             ... on level 6 of the Dungeon.
             The game lasted 00:09:08 (4927 turns).

Moloch the Fighter (Mummy Fighter)                  Turns: 4927, Time: 00:09:09

Health: 0/72       AC: 13    Str: 20    XL:     8   Next: 61%
Magic:  8/8        EV:  3    Int:  7    God:    Okawaru [*.....]
Gold:   313        SH:  9    Dex: 16    Spells: 7/7 levels left

rFire    x . .     SeeInvis .   n - +0 scimitar
rCold    + . .     Gourm    .   c - +0 shield
rNeg     + + +     Faith    .   d - +1 plate armour
rPois    ∞         Spirit   .   (no helmet)
rElec    .         Reflect  .   (no cloak)
rCorr    .         Harm     .   a - +0 pair of gloves
MR       +....                  (no boots)
Stlth    ..........             (no amulet)
HPRegen  0.22/turn              m - +3 ring of dexterity
MPRegen  0.11/turn              (no ring)

@: no status effects
A: no food or potions, fire vulnerability, cold resistance 1, negative energy
resistance 3, torment resistance, unbreathing
a: Heroism, Renounce Religion


You were on level 6 of the Dungeon.
You worshipped Okawaru.
Okawaru was aware of your devotion.
You were not hungry.

You visited 1 branch of the dungeon, and saw 6 of its levels.

You collected 313 gold pieces.

Inventory:

Hand Weapons
 n - a +0 scimitar (weapon)
Armour
 a - a +0 pair of gloves (worn)
 c - a +0 shield (worn)
 d - a +1 plate armour (worn)
Jewellery
 m - a +3 ring of dexterity (left hand)
Wands
 l - a wand of confusion (29/48)
 q - a wand of paralysis (9/24)
Scrolls
 b - 9 scrolls of identify {unknown}
 e - 2 scrolls of enchant armour
 f - a scroll of magic mapping {unknown}
 g - a scroll of remove curse
 h - 2 scrolls of teleportation {unknown}
 i - a scroll of immolation {unknown}
 j - 2 scrolls of amnesia
 k - a scroll of blinking {unknown}
 o - a scroll of random uselessness
 p - a scroll of enchant weapon {unknown}


   Skills:
 + Level 9.8 Fighting
 * Level 4.7 Long Blades
 - Level 2.4 Armour
 - Level 2.4 Shields
 * Level 1.3 Invocations


You had 7 spell levels left.
You didn't know any spells.

Dungeon Overview and Level Annotations

Branches:
Dungeon (6/15)             Temple (0/1) D:5

Altars:
Elyvilon
Gozag
Okawaru
Ru
Yredelemnul

Annotations:
D:6 Pikel


Innate Abilities, Weirdness & Mutations

You do not eat or drink.
Your flesh is vulnerable to fire.
You are immune to poison.
Your flesh is cold resistant. (rC+)
You are immune to negative energy. (rN+++)
You are immune to unholy pain and torment.
You can survive without breathing.


Message History

Pikel zaps a wand.
The bolt of lightning hits you!
* * * LOW HITPOINT WARNING * * *
Unknown command.
The hound barely misses you.
As you read the scroll labeled ERAUNA ONATI, it crumbles to dust.
It is a scroll of enchant armour.
Your +0 plate armour glows green for a moment.
The hound bites you.
* * * LOW HITPOINT WARNING * * *
As you read the scroll labeled ZEK SYM COCAE, it crumbles to dust.
It is a scroll of amnesia.
You feel forgetful for a moment. The hound barely misses you.
The hound bites you but does no damage.
As you read the scroll labeled KYFOCINAUQ, it crumbles to dust.
Your ears itch!
It was a scroll of random uselessness.
You block the hound's attack.
As you read the scroll labeled SYSANW GUNLIL, it crumbles to dust.
You feel blessed for a moment.
It was a scroll of remove curse.
The hound bites you.
You die...

.....#.>...###.....
.....#.###...p...#
##......# #..#.####
+../ #.# #..#p# #...
#.# #..#.#### ### #..
... ...#.#..###.#
###.#p#......######.
#.#Kh........[.... .
#.#p#@.###.###### .
#.#.#....#......#.###.
#........#............
#...)....#.####..###..
#...###..#)# #.......
###......##.####....#..
#......................
#.######.###.###..#.#..
#.#........#.###..#....


You could see Pikel, a slave and a hound.

Vanquished Creatures
  Eustachio (D:5)
  Sigmund (D:3)
  Menkaure (D:5)
  Duvessa (D:5)
  A sky beast (D:5)
  A phantom (D:4)
  2 ogres (D:5)
  Blork the orc (D:5)
  Dowan (D:5)
  A crimson imp (D:5)
  2 hounds
  An orc priest (D:4)
  2 orc wizards (D:4)
  A bullfrog skeleton (D:5)
  A gnoll shaman (D:3)
  A worker ant (D:4)
  A hound skeleton (D:6)
  2 worker ant zombies (D:5)
  6 gnolls
  10 adders
  2 shadow imps
  An ooze (D:2)
  A worm (D:3)
  7 leopard geckos
  16 orcs
  13 bats
  3 giant cockroaches
  21 hobgoblins
  4 quokkas
  2 ball pythons
  7 frilled lizards
  16 goblins
  16 kobolds
  A quokka skeleton (D:4)
  A quokka zombie (D:5)
  10 rats
159 creatures vanquished.

Notes
Turn   | Place    | Note
-------+----------+-------------------------------------------
     0 | D:1      | Moloch the Mummy Fighter began the quest for the Orb.
     0 | D:1      | Reached XP level 1. HP: 18/18 MP: 1/1
    62 | D:1      | Reached XP level 2. HP: 24/24 MP: 2/2
    95 | D:1      | Reached skill level 4 in Fighting
   175 | D:1      | Reached XP level 3. HP: 23/30 MP: 3/3
   756 | D:2      | Found an opulent altar of Gozag.
   779 | D:2      | Reached XP level 4. HP: 34/38 MP: 4/4
   822 | D:2      | Reached skill level 5 in Fighting
   864 | D:2      | Found a sacrificial altar of Ru.
  1223 | D:3      | Noticed Sigmund
  1239 | D:3      | Killed Sigmund
  1239 | D:3      | Reached skill level 6 in Fighting
  1239 | D:3      | Reached XP level 5. HP: 5/47 MP: 5/5
  1748 | D:3      | Reached XP level 6. HP: 46/53 MP: 6/6
  1977 | D:3      | Reached skill level 7 in Fighting
  2114 | D:4      | Found a white marble altar of Elyvilon.
  2509 | D:4      | Reached skill level 8 in Fighting
  2509 | D:4      | Reached XP level 7. HP: 61/62 MP: 7/7
  2759 | D:4      | Found an iron altar of Okawaru.
  2790 | D:4      | Became a worshipper of Warmaster Okawaru
  2895 | D:4      | Found a basalt altar of Yredelemnul.
  3394 | D:5      | Entered Level 5 of the Dungeon
  3441 | D:5      | Reached skill level 9 in Fighting
  3478 | D:5      | Noticed Blork the orc
  3495 | D:5      | Killed Blork the orc
  3546 | D:5      | Noticed Eustachio
  3742 | D:5      | Killed Eustachio
  3770 | D:5      | Noticed Menkaure
  3778 | D:5      | Killed Menkaure
  3778 | D:5      | Reached * piety under Okawaru
  3778 | D:5      | Reached XP level 8. HP: 44/71 MP: 8/8
  3983 | D:5      | Noticed Duvessa
  3983 | D:5      | Noticed Dowan
  4047 | D:5      | Killed Duvessa
  4056 | D:5      | Killed Dowan
  4171 | D:5      | Reached skill level 1 in Invocations
  4559 | D:5      | Found a staircase to the Ecumenical Temple.
  4902 | D:6      | Noticed Pikel
  4924 | D:6      | HP: 3/72 [hound (1)]
  4927 | D:6      | Slain by a hound

Vault maps used:
D:1:      roderic_chinese_lattice_arrival
D:2:      lemuel_round_altar, nicolae_gozag_cash_rules_everything_around_me
D:3:      uniq_sigmund
D:4:      old_standard_altar, nicolae_overflow_hidden_temple,
          kennysheep_okawaru_gauntlet
D:5:      corexii_shantytown, temple_statues, first_bread, uniq_blork_the_orc,
          uniq_eustachio, uniq_menkaure, uniq_duvessa
D:6:      uniq_pikel

Skill      XL: |  1  2  3  4  5  6  7  8 |
---------------+-------------------------+-----
Fighting       | 4 6 8 9 |  9.8
Long Blades    | 2 4 |  4.7
Invocations    | 1 |  1.3
Armour         | |  2.4
Shields        | |  2.4

Action                   |  1- 3 |  4- 6 |  7- 9 || total
-------------------------+-------+-------+-------++-------
Melee: Long sword        |   101 |   105 |       ||   206
       Scimitar          |       |   108 |   349 ||   457
  Use: Scroll            |       |       |     4 ||     4
Armor: Scale mail        |    31 |       |       ||    31
       Plate armour      |    29 |   154 |   249 ||   432
Dodge: Dodged            |    38 |    41 |    55 ||   134
Block: Shield            |    56 |   127 |   186 ||   369
       Rpst.: Long sword |    14 |     7 |       ||    21
       Scimitar          |       |     1 |    11 ||    12

Table legend:
 A = Spawn XP
 B = Non-spawn XP
 C = Spawn XP percentage of total XP
 D = Spawn monster count
 E = Non-spawn monster count
 F = Spawn count percentage of total count
 G = Total turns spent on level
                    A         B        C        D         E        F      G
               +---------+---------+-------+---------+---------+-------+---------
         Total |       0 |    2273 |   0.0 |       0 |     159 |   0.0 |  4927
               +---------+---------+-------+---------+---------+-------+---------
           D:1 |       0 |      47 |   0.0 |       0 |      28 |   0.0 |   496
           D:2 |       0 |      69 |   0.0 |       0 |      19 |   0.0 |   678
           D:3 |       0 |     368 |   0.0 |       0 |      28 |   0.0 |  1265
           D:4 |       0 |     427 |   0.0 |       0 |      26 |   0.0 |  1081
           D:5 |       0 |    1330 |   0.0 |       0 |      52 |   0.0 |  1267
           D:6 |       0 |      32 |   0.0 |       0 |       6 |   0.0 |   140
               +---------+---------+-------+---------+---------+-------+---------
